 Dungeon Crawl Stone Soup version 0.29.1-15-g9cfb28693d (webtiles) character file.

Game seed: 6746401288962226177

952 javelincjr the Magician (level 7, 0/52 HPs)
             Began as a Demonspawn Hedge Wizard on Apr 6, 2023.
             Was an Initiate of Sif Muna.
             Slain by a +4 quarterstaff of freezing (1 damage)
             ... created by the rancor of the Wu Jian Council
             ... on level 5 of the Dungeon.
             The game lasted 00:22:45 (7146 turns).

javelincjr the Magician (Demonspawn Hedge Wizard)   Turns: 7146, Time: 00:22:46

Health: 0/52       AC:  9    Str: 13    XL:     7   Next: 90%
Magic:  7/13       EV: 12    Int: 21    God:    Sif Muna [......]
Gold:   1501       SH:  0    Dex: 12    Spells: 9/14 levels left

rFire   + . .      SeeInvis .   r - +4 trident (protect)
rCold   + . .      Faith    .   (no shield)
rNeg    + + .      Spirit   .   b - +0 robe
rPois   .          Reflect  .   n - +4 hat of Moral Flaws {rF+ rC+ rN+}
rElec   .          Harm     .   (no cloak)
rCorr   .          Rampage  .   m - +0 pair of gloves
Will    .....                   (no boots)
Stlth   +.........              (no amulet)
HPRegen 0.17/turn               k - ring of positive energy
MPRegen 0.13/turn               t - +6 ring of intelligence

@: silenced (expiring), slowed, very slow
A: molten scales 1, foul stench 1, powered by death 2
a: Renounce Religion


You were on level 5 of the Dungeon.
You worshipped Sif Muna.
Sif Muna was noncommittal.
You visited 2 branches of the dungeon, and saw 6 of its levels.

You collected 1501 gold pieces.

Inventory:

Hand Weapons
 r - a +4 trident of protection (weapon)
Armour
 b - a +0 robe (worn)
 m - a +0 pair of gloves (worn)
 n - the +4 hat of Moral Flaws (worn) {rF+ rC+ rN+}
   (You acquired it in the Ecumenical Temple)

   rF:        It protects you from fire.
   rC:        It protects you from cold.
   rN:        It protects you from negative energy.
Jewellery
 k - a ring of positive energy (left hand)
 t - a +6 ring of intelligence (right hand)
Wands
 a - a wand of iceblast (4)
 l - a wand of charming (1)
Scrolls
 c - a scroll of enchant weapon {unknown}
 f - a scroll of silence {unknown}
 o - a scroll of poison
 s - a scroll of vulnerability {unknown}
 v - a scroll of magic mapping {unknown}
 x - a scroll of teleportation {unknown}
Potions
 d - 2 potions of magic
 e - a potion of haste {unknown}
 g - a potion of attraction {unknown}
 h - a potion of heal wounds {unknown}
 i - a potion of degeneration {unknown}
 j - a potion of invisibility {unknown}
 p - 4 potions of curing
 q - 3 potions of brilliance
 u - a potion of lignification {unknown}
 w - a potion of mutation {unknown}
 z - 2 potions of cancellation {unknown}


   Skills:
 * Level 3.2 Fighting
 + Level 1.6 Polearms
 * Level 3.5 Armour
 + Level 3.1 Dodging
 - Level 2.9 Stealth
 * Level 4.0 Spellcasting
 + Level 2.8 Conjurations
 + Level 2.9 Summonings
 + Level 2.4 Translocations


You had 9 spell levels left.
You knew the following spells:

 Your Spells              Type           Power      Damage    Failure   Level
a - Magic Dart            Conj           64%        1d6       3%          1
b - Call Imp              Summ           16%        N/A       5%          2
c - Blink                 Tloc           28%        N/A       7%          2

Your spell library contained the following spells:

 Spells                   Type           Power      Damage    Failure   Level
 Summon Small Mammal      Summ           64%        N/A       3%          1
 Call Canine Familiar     Summ           16%        N/A       11%         3
 Slow                     Hex            16%        N/A       12%         1
 Conjure Flame            Conj/Fire      10%        6-21      21%         3
 Summon Guardian Golem    Hex/Summ       10%        N/A       21%         3
 Mephitic Cloud           Conj/Pois/Air  8%         N/A       24%         3
 Confusing Touch          Hex            4%         N/A       34%         3
 Vampiric Draining        Necr           4%         2d6       34%         3
 Summon Forest            Summ/Tloc      7%         N/A       73%         5
 Summon Mana Viper        Hex/Summ       10%        N/A       88%         5
 Summon Cactus Giant      Summ           8%         N/A       99%         6


Dungeon Overview and Level Annotations

Branches:
Dungeon (5/15)             Temple (1/1) D:5

Altars:
Cheibriados
Dithmenos
Kikubaaqudgha
Makhleb
Nemelex Xobeh
Okawaru
Qazlal
Ru
Sif Muna
Trog
Uskayaw
Vehumet
Wu Jian


Innate Abilities, Weirdness & Mutations

You are partially covered in molten scales. (AC +2)
You may rarely emit foul miasma when damaged in melee.
You regenerate health from kills.


Message History

That felt strangely unrewarding.
Sifu Xiang Ba whispers: These will loosen your tongue!
The divine experience drains your vigour!
You feel yourself slow down.
A +4 quarterstaff of freezing, a +1 great sword of freezing and a +1 quarterstaff of speed come into view.
You barely miss the +4 quarterstaff of freezing.
The +4 quarterstaff of freezing hits you!
The +4 quarterstaff of freezing freezes you.
The +1 quarterstaff of speed hits you!
The +1 quarterstaff of speed attacks as you move away!
The +1 quarterstaff of speed hits you!
You emit a cloud of foul miasma!
The +4 quarterstaff of freezing hits you.
The +1 quarterstaff of speed closely misses you.
You closely miss the +4 quarterstaff of freezing.
The +4 quarterstaff of freezing hits you but does no damage.
The +1 quarterstaff of speed hits you.
* * * LOW HITPOINT WARNING * * *
The +4 quarterstaff of freezing closely misses you.
The +1 quarterstaff of speed hits you but does no damage.
Unknown command.
You cannot cast spells when silenced!
The +4 quarterstaff of freezing attacks as you move away!
The +4 quarterstaff of freezing hits you.
* * * LOW HITPOINT WARNING * * *
The +4 quarterstaff of freezing freezes you.
* * * LOW HITPOINT WARNING * * *
The +1 quarterstaff of speed attacks as you move away!
The +1 quarterstaff of speed barely misses you.
You cannot cast spells when silenced!
Okay, then.
The +4 quarterstaff of freezing attacks as you move away!
The +4 quarterstaff of freezing barely misses you.
The +1 quarterstaff of speed attacks as you move away!
The +1 quarterstaff of speed barely misses you.
The +1 quarterstaff of speed hits you but does no damage.
The +4 quarterstaff of freezing attacks as you move away!
The +4 quarterstaff of freezing hits you!
* * * LOW HITPOINT WARNING * * *
The +4 quarterstaff of freezing freezes you.
You die...

...♣~~~~P~♣####### #..........
♣♣~~~~~~~P~......# #..........
~P~≈≈~P~~~~......####
#..........
~≈(≈~~~~~~~♣(.......#
#..........
~~~~~~P~~~~~♣.......#
########...
P~~P~P~~..~.~.......## ######
P~~..................# #.....
...............(.###.#### #.####
..........~~~~((@.......# #.#
...~..P~~~~~♣♣♣.........# #.#
#~~~~P~~P~~♣♣#..........# #.#
##~♣~~♣P~~~~.#...(......####.###
##♣♣♣♣♣♣♣♣..#..........##.....##
#.♣♣♣♣♣...#..........##.....#.
#....................##.....#.
#####'##.....####'#####.....#.
#.##.....# #....)......#.


You could see 3 dancing weapons.

Vanquished Creatures
  3 dancing weapons (D:5)
  2 water moccasins (D:5)
  A black bear (D:4)
  A phantom (D:4)
  2 hounds
  2 jellies (D:5)
  2 orc priests (D:3)
  Ijyb (D:4)
  An iguana (D:5)
  An orc wizard (D:5)
  10 adders
  A white imp (D:5)
  A worm (D:2)
  4 dart slugs
  11 orcs
  3 ball pythons
  4 bats
  6 endoplasms
  5 giant cockroaches
  10 goblins
  8 hobgoblins
  3 jackals (D:3)
  2 quokkas (D:1)
  8 frilled lizards
  3 kobolds
  9 rats
104 creatures vanquished.

Vanquished Creatures (collateral kills)
  An ogre (D:4)
  Terence (D:2)
  A shadow imp (D:5)
  A goblin (D:4)
4 creatures vanquished.

Vanquished Creatures (others)
  11 plants (D:5)
11 creatures vanquished.

Grand Total: 119 creatures vanquished

Notes
Turn   | Place    | Note
-------+----------+-------------------------------------------
     0 | D:1      | javelincjr the Demonspawn Hedge Wizard began the quest for
                  | the Orb.
     0 | D:1      | Reached XP level 1. HP: 13/13 MP: 4/4
   339 | D:1      | Reached skill level 1 in Translocations
   538 | D:1      | Gained mutation: You may rarely emit foul miasma when
                  | damaged in melee. [demonic ancestry]
   538 | D:1      | Reached XP level 2. HP: 19/19 MP: 1/6
   782 | D:1      | Learned a level 2 spell: Call Imp
   785 | D:1      | Learned a level 2 spell: Blink
  1169 | D:1      | Reached skill level 1 in Armour
  1774 | D:2      | Gained mutation: You are partially covered in molten
                  | scales. (AC +2) [demonic ancestry]
  1774 | D:2      | Reached XP level 3. HP: 23/25 MP: 1/7
  2199 | D:2      | Found a faded altar of an unknown god.
  2202 | D:2      | Prayed at the altar of an unknown god.
  2202 | D:2      | Became a worshipper of the Wu Jian Council
  2202 | D:2      | Reached * piety under Wu Jian
  2687 | D:2      | Reached skill level 1 in Fighting
  2903 | D:2      | Gained mutation: You regenerate a little health from kills.
                  | [demonic ancestry]
  2903 | D:2      | Reached XP level 4. HP: 28/32 MP: 2/8
  3296 | D:2      | Noticed Terence
  3304 | D:2      | Killed Terence
  3533 | D:3      | Gained mutation: You regenerate health from kills. [demonic
                  | ancestry]
  3533 | D:3      | Reached XP level 5. HP: 37/37 MP: 9/9
  3636 | D:3      | Reached ** piety under Wu Jian
  4579 | D:4      | Identified 3 scrolls of acquirement
  4585 | D:4      | Acquired 653 gold pieces
  4599 | D:4      | Noticed an ogre
  4605 | D:4      | Killed an ogre
  4606 | D:4      | Reached XP level 6. HP: 11/44 MP: 6/10
  4857 | D:4      | Acquired 606 gold pieces
  4988 | D:4      | Found a stormy altar of Qazlal.
  5002 | D:4      | Noticed Ijyb
  5034 | D:4      | Killed Ijyb
  5327 | D:4      | Reached skill level 1 in Polearms
  5376 | D:4      | Reached XP level 7. HP: 39/51 MP: 12/12
  5559 | D:4      | Reached *** piety under Wu Jian
  5749 | D:5      | Entered Level 5 of the Dungeon
  5803 | D:5      | Found a staircase to the Ecumenical Temple.
  5813 | Temple   | Entered the Ecumenical Temple
  5852 | Temple   | Fell from the grace of Wu Jian
  5852 | Temple   | Became a worshipper of Sif Muna the Loreminder
  5866 | Temple   | Acquired the +4 hat of Moral Flaws {rF+ rC+ rN+}
  6490 | D:5      | Noticed a +1 great sword of flaming
  6490 | D:5      | Noticed a +3 glaive of flaming
  6490 | D:5      | Noticed a +4 vorpal rapier
  6572 | D:5      | Reached skill level 4 in Spellcasting
  6904 | D:5      | Killed a +4 vorpal rapier
  7008 | D:5      | Killed a +3 glaive of flaming
  7134 | D:5      | Killed a +1 great sword of flaming
  7139 | D:5      | Noticed a +4 quarterstaff of freezing
  7139 | D:5      | Noticed a +1 great sword of freezing
  7139 | D:5      | Noticed a +1 quarterstaff of speed
  7146 | D:5      | HP: 1/52 [+4 quarterstaff of freezing[the rancor of the Wu
                  | Jian Council] (9)]
  7146 | D:5      | Slain by a +4 quarterstaff of freezing

Illustrated notes

Levels and vault maps discovered:
D:1:      dpeg_arrival_circle_labyrinth_b, layout_basic, serial_bayou_crossing
D:2:      layout_rooms, hellmonk_ecumenical_altar_inner_sanctum, uniq_terence
D:3:      layout_basic, small_statue_intersection, serial_park_tiny_2
D:4:      kennysheep_the_goblin_king, layout_loops_ring, kennysheep_little_box,
          gup_sewer_entry_glass, hangedman_decor_push
D:5:      layout_basic, minmay_temple_entry_crystal_x, minmay_misc_feat_pillars,
          hangedman_glass_teeth, hangedman_abyss_or_decor_stabs,
          serial_bayou_ford_a, palyth_stone_intersect
Temple:   nicolae_temple_god_jail

Skill      XL: |  1  2  3  4  5  6  7 |
---------------+----------------------+-----
Translocations | 1 2 |  2.4
Stealth        | 2 |  2.9
Armour         | 1 2 3 |  3.5
Dodging        | 2 3 |  3.1
Fighting       | 1 2 3 |  3.2
Summonings     | 2 |  2.9
Conjurations   | 2 |  2.8
Polearms       | 1 |  1.6
Spellcasting   | 4 |  4.0

Action                   |  1- 3 |  4- 6 |  7- 9 || total
-------------------------+-------+-------+-------++-------
Melee: Dagger            |    64 |    21 |       ||    85
       Hand axe          |    27 |       |       ||    27
       Punch             |     2 |     2 |       ||     4
       Trident           |       |   126 |    74 ||   200
 Cast: Magic Dart        |    79 |    24 |    29 ||   132
       Call Imp          |       |     4 |     6 ||    10
       Blink             |       |       |     4 ||     4
Invok: Whirlwind         |    11 |    14 |     1 ||    26
       Lunge             |     2 |     2 |       ||     4
  Use: Scroll            |       |     6 |     2 ||     8
 Stab: Sleeping          |       |    10 |     1 ||    11
Armor: Robe              |    21 |    58 |    47 ||   126
Dodge: Dodged            |    62 |    80 |    54 ||   196
